 Dungeon Crawl Stone Soup version 0.25.0-11-g1f837a76a1 (webtiles) character file.

Game seed: 3635165684688096045

57 nikku the Skirmisher (level 3, -5/29 HPs)
             Began as a Demonspawn Fighter on June 26, 2020.
             Slain by a gnoll
             ... wielding a +0 vorpal spear
              (7 damage)
             ... on level 2 of the Dungeon.
             The game lasted 00:04:40 (1496 turns).

nikku the Skirmisher (Demonspawn Fighter)           Turns: 1496, Time: 00:04:40

Health: -5/29      AC:  5    Str: 17    XL:     3   Next: 73%
Magic:  0/3        EV:  8    Int:  9    God:
Gold:   36         SH:  9    Dex: 14    Spells: 2/2 levels left

rFire    . . .     SeeInvis .   a - +0 war axe
rCold    . . .     Gourm    .   c - +0 kite shield
rNeg     . . .     Faith    .   k - +0 ring mail (curse)
rPois    .         Spirit   +   (no helmet)
rElec    .         Reflect  .   o - scarf {repulsion}
rCorr    .         Harm     .   (no gloves)
MR       .....                  (no boots)
Stlth    +.........             (no amulet)
HPRegen  0.09/turn              (no ring)
MPRegen  0.08/turn              (no ring)

@: repel missiles
A: thin skeletal structure 1, magic shield
a: no special abilities


You were on level 2 of the Dungeon.
You were not hungry.

You visited 1 branch of the dungeon, and saw 2 of its levels.

You collected 36 gold pieces.

Inventory:

Hand Weapons
 a - a +0 war axe (weapon)
Missiles
 n - 8 boomerangs (quivered)
Armour
 b - a +0 scale mail
 c - a +0 kite shield (worn)
 k - a cursed +0 ring mail (worn)
 o - a scarf of repulsion (worn)
Jewellery
 m - a +6 ring of strength {unknown}
Scrolls
 q - a scroll of identify {unknown}
 r - a scroll of fog {unknown}
Potions
 d - 2 potions of might
 e - 2 potions of mutation {unknown}
 g - 2 potions of curing {unknown}
 h - a potion of invisibility {unknown}
 i - a potion of heal wounds {unknown}
 j - a potion of ambrosia {unknown}
 l - a potion of degeneration {unknown}
 s - a potion of stabbing {unknown}
Comestibles
 f - 6 rations
 p - a chunk of flesh


   Skills:
 + Level 3.4 Fighting
 + Level 2.3 Axes
 + Level 3.1 Armour
 + Level 3.2 Shields


You had 2 spell levels left.
You didn't know any spells.
Your spell library contained the following spells:

 Spells                   Type           Power        Failure   Level  Hunger
 Animate Skeleton         Necr           N/A          98%         1    ##.....
 Apportation              Tloc           #.....       98%         1    ##.....
 Corona                   Hex            #......      98%         1    ##.....
 Summon Small Mammal      Summ           #...         98%         1    ##.....


Dungeon Overview and Level Annotations

Branches:
Dungeon (2/15)

Altars:


Innate Abilities, Weirdness & Mutations

You have a somewhat thin skeletal structure. (Dex +2, Stealth)
When hurt, damage is shared between your health and your magic reserves.


Message History

You are too injured to fight recklessly!
You closely miss the gnoll. You hit the gnoll. The gnoll barely misses you.
You block the gnoll's attack.
You hit the gnoll.
The gnoll is lightly wounded.
You closely miss the gnoll. The gnoll barely misses you.
The gnoll hits you with a +0 vorpal spear.
* * * LOW HITPOINT WARNING * * *
x2 The gnoll hits you with a +0 vorpal spear.
* * * LOW HITPOINT WARNING * * *
x2 The gnoll hits you but does no damage.
You closely miss the gnoll.
The gnoll is heavily wounded.
You closely miss the gnoll. You block the gnoll's attack.
The gnoll hits you but does no damage.
You hit the gnoll but do no damage.
The gnoll is heavily wounded.
You hit the gnoll. The gnoll hits you but does no damage.
The gnoll hits you with a +0 vorpal spear!
You die...

##.#### #...#
##รท#######...####### #
...................##.##
........................
.##.................#. #
.##.#####....#.#.##.# .#
###.# #....#.#.# . ..
###.# #..).#.#.# .###.
....#
#....#.#@####......
#####
#....#.#gg......... #..
..##.......#.# ##
#.#####.# #.# # ..$ ##.#
#.# #..


You could see 2 gnolls.

Vanquished Creatures
  A gnoll (D:2)
  An ooze (D:2)
  A worm (D:2)
  A dart slug (D:1)
  6 bats
  3 giant cockroaches
  2 goblins (D:1)
  6 hobgoblins
  5 jackals
  4 kobolds
  2 frilled lizards
  3 rats (D:1)
35 creatures vanquished.

Notes
Turn   | Place    | Note
-------+----------+-------------------------------------------
     0 | D:1      | nikku the Demonspawn Fighter began the quest for the Orb.
     0 | D:1      | Reached XP level 1. HP: 18/18 MP: 1/1
   378 | D:1      | Gained mutation: You have a somewhat thin skeletal
                  | structure. (Dex +2, Stealth) [demonic ancestry]
   378 | D:1      | Reached XP level 2. HP: 24/24 MP: 2/2
  1082 | D:2      | Gained mutation: When hurt, damage is shared between your
                  | health and your magic reserves. [demonic ancestry]
  1082 | D:2      | Reached XP level 3. HP: 29/29 MP: 3/3
  1494 | D:2      | HP: 1/29 [gnoll/+0 vorpal spear (1)]
  1496 | D:2      | Slain by a gnoll

Illustrated notes

Levels and vault maps discovered:
D:1:      wander_arrival_chamber, layout_basic
D:2:      layout_loops_cross

Skill      XL: |  1  2 |
---------------+-------+-----
Axes           | 2 |  2.3
Armour         | 3 |  3.1
Shields        | 3 |  3.2
Fighting       | |  3.4

Action                   || total
-------------------------++-------
Melee: War axe           ||    96
  Use: Scroll            ||     2
  Eat: Chunk             ||     2
Armor: Scale mail        ||    14
       Ring mail         ||    24
Dodge: Dodged            ||    32
Block: Kite shield       ||    49
